 Dungeon Crawl Stone Soup version 0.27.1-4-g1640c2035a (webtiles) character file.

Game seed: 1238759793434162969

3873 bearlyready the Basher (level 10, -1/83 HPs)
             Began as an Ogre Berserker on Nov 11, 2021.
             Was an Elder of Trog.
             Slain by a kobold brigand (7 damage)
             ... on level 7 of the Dungeon.
             The game lasted 00:16:58 (7979 turns).

bearlyready the Basher (Ogre Berserker)             Turns: 7979, Time: 00:16:58

Health: -1/83      AC:  5    Str: 32    XL:     10   Next: 19%
Magic:  10/10      EV: 14    Int: 10    God:    Trog [****..]
Gold:   234        SH:  0    Dex:  8    Spells: 9/9 levels left

rFire    . . .     SeeInvis .   m - +3 dire flail (protect)
rCold    + . .     Faith    .   (shield currently unavailable)
rNeg     . . .     Spirit   .   b - +0 animal skin
rPois    .         Reflect  .   (helmet restricted)
rElec    .         Harm     .   w - +0 cloak
rCorr    .         Rampage  .   (gloves unavailable)
Will     +....                  (boots unavailable)
Stlth    +.........             n - amulet of regeneration
HPRegen  1.23/turn              l - +6 ring of strength
MPRegen  0.12/turn              c - +4 ring of evasion

@: about to teleport, flying, slowed, very slow
A: large, unfitting armour, tough skin 1, clever 1, cold resistance 1, frail 2,
shaggy fur 1, wild magic 1
a: Renounce Religion, Berserk, Trog's Hand, Brothers in Arms


You were on level 7 of the Dungeon.
You worshipped Trog.
Trog was greatly pleased with you.
You visited 2 branches of the dungeon, and saw 8 of its levels.

You collected 234 gold pieces.

Inventory:

Hand Weapons
 a - a +0 mace
 e - a +0 club
 m - a +3 dire flail of protection (weapon)
 B - a +0 giant spiked club
Missiles
 f - 101 stones
 h - 8 boomerangs
 k - 24 poisoned darts (quivered)
 D - 2 large rocks
 E - a curare-tipped dart
Armour
 b - a +0 animal skin (worn)
 w - a +0 cloak (worn)
Jewellery
 c - a +4 ring of evasion (right hand)
 l - a +6 ring of strength (left hand)
 n - an amulet of regeneration (around neck)
 r - a ring of magical power
 x - a ring of flight
Wands
 j - a wand of flame (37)
 o - a wand of charming (7)
 z - a wand of paralysis (7)
Scrolls
 d - a scroll of summoning {unknown}
 g - 2 scrolls of teleportation
 i - a scroll of fear {unknown}
 p - a scroll of fog {unknown}
 q - 3 scrolls of identify {unknown}
 t - 2 scrolls of enchant weapon {unknown}
 v - a scroll of magic mapping {unknown}
 y - a scroll of brand weapon {unknown}
 C - a scroll of torment {unknown}


   Skills:
 + Level 8.1 Fighting
 + Level 10.3 Maces & Flails
 + Level 5.4 Throwing
 - Level 2.6 Dodging
 + Level 4.2 Evocations


You had 9 spell levels left.
You didn't know any spells.
Your spell library was empty.

Dungeon Overview and Level Annotations

Branches:
Dungeon (7/15)             Temple (1/1) D:7

Altars:
Ashenzari
Cheibriados
Elyvilon
Fedhas
Gozag
Hepliaklqana
Kikubaaqudgha
Makhleb
Nemelex Xobeh
Okawaru
Qazlal
Ru
Sif Muna
Trog
Uskayaw
Wu Jian
Xom
Yredelemnul
Zin
The Shining One

Shops:
D:6 :

Annotations:
D:3 3 runed translucent doors, Icepheonix32's ghost, amateur DsTm
D:4 2 runed translucent doors
D:5 3 runed translucent doors, cdecastro's ghost, novice MfGl


Innate Abilities, Weirdness & Mutations

You are too large for most types of armour.
You have tough skin. (AC +1)
Your mind is acute. (Int +2)
Your flesh is cold resistant. (rC+)
You are very frail. (-20% HP)
You are covered in fur. (AC +1)
Your spells are a little harder to cast, but a little more powerful.


Message History

Found a ring mail.
A kobold brigand comes into view.
It is wielding a +0 short sword and quivering curare-tipped darts.
The kobold brigand moves out of view.
The kobold brigand throws a curare-tipped dart.
The curare-tipped dart closely misses you.
A kobold brigand is nearby!
The kobold brigand throws a curare-tipped dart.
The curare-tipped dart hits you.
You are poisoned.
You have difficulty breathing.
You feel yourself slow down.
You feel sick.
The orc priest shouts!
A cyclops comes into view.
The kobold brigand hits you with a +0 short sword.
The cyclops shouts!
You puncture the kobold brigand!
Your weapon exudes an aura of protection.
The kobold brigand is moderately wounded.
You feel sick.
The kobold brigand hits you but does no damage.
The cyclops throws a large rock.
The large rock hits you!!
The orc priest calls down the wrath of Beogh upon you.
Beogh smites you!
You closely miss the kobold brigand.
The kobold brigand is moderately wounded.
You feel sick. The kobold brigand barely misses you.
The cyclops throws a large rock.
The large rock hits you!!
* * * LOW HITPOINT WARNING * * *
Okay, then.
Okay, then.
It was a potion of flight.
You feel very buoyant.
You fly up into the air.
You feel sick.
You are no longer poisoned.
The kobold brigand hits you but does no damage. x2
As you read the scroll of teleportation, it crumbles to dust.
You feel strangely unstable.
The orc priest casts a cantrip, but nothing happens.
The kobold brigand hits you with a +0 short sword!
You die...

.#.#............###############.#
.#[#............# #.#
.#)#..).........# #.#
.#.#..)go.......# #.#
.#g####)#'####### #.#
.#.####o#o#####################.#
<#.Ogo..#.))....................#
##########(######################
.......(....K@................
≈≈≈≈≈....≈≈≈≈≈≈≈≈≈≈≈≈≈≈≈≈≈≈≈..
≈≈≈≈≈....≈≈≈≈≈≈≈≈≈≈≈≈≈≈≈≈≈≈≈..
≈≈≈≈≈....≈o≈≈≈≈≈≈≈≈≈≈#####≈≈..
.......Cg............#...#≈≈..
#####''''#############...#≈≈P.
#....# #'###≈≈.. .'....'
'.#.≈≈≈.. ..#....#. #.≈≈≈..


You could see a cyclops, a kobold brigand, a gnoll sergeant and an orc priest.

Vanquished Creatures
  A wyvern (D:7)
  6 yaks (D:6)
  2 wargs (D:7)
  Edmund (D:4)
  An ice beast (D:6)
  A necrophage (D:5)
  An ogre (D:7)
  2 centaurs
  3 kobold brigands
  2 phantoms (D:7)
  Blork the orc (D:3)
  A bullfrog (D:7)
  A scorpion (D:5)
  A wyvern skeleton (D:5)
  7 howler monkeys (D:7)
  2 jellies
  4 orc priests
  A gnoll shaman (D:7)
  2 centaur skeletons
  10 hounds
  4 iguanas
  7 orc wizards
  2 hound skeletons
  17 gnolls
  8 adders
  A white imp (D:6)
  An ufetubus (D:5)
  A worm (D:4)
  2 dart slugs
  14 orcs
  5 ball pythons
  8 endoplasms
  3 giant cockroaches
  4 goblins
  6 hobgoblins
  9 jackals (D:2)
  6 quokkas
  12 bats
  3 frilled lizards
  8 kobolds
  7 rats
  A spectral goblin (D:1)
179 creatures vanquished.

Vanquished Creatures (others)
  2 orcs (D:4)
  An endoplasm (D:4)
  2 plants (D:7)
5 creatures vanquished.

Grand Total: 184 creatures vanquished

Notes
Turn   | Place    | Note
-------+----------+-------------------------------------------
     0 | D:1      | bearlyready the Ogre Berserker began the quest for the Orb.
     0 | D:1      | Reached XP level 1. HP: 24/24 MP: 1/1
    53 | D:1      | Reached skill level 3 in Maces & Flails
   136 | D:1      | Found a faded altar of an unknown god.
   284 | D:1      | Reached XP level 2. HP: 31/32 MP: 2/2
   941 | D:1      | Reached ** piety under Trog
   946 | D:1      | Reached XP level 3. HP: 36/39 MP: 3/3
  1145 | D:2      | Reached skill level 4 in Maces & Flails
  1594 | D:2      | Reached XP level 4. HP: 48/48 MP: 4/4
  1812 | D:2      | Reached skill level 1 in Throwing
  2425 | D:3      | Found a basalt altar of Yredelemnul.
  2607 | D:3      | Reached XP level 5. HP: 54/54 MP: 5/5
  2621 | D:3      | Reached *** piety under Trog
  3069 | D:3      | Reached skill level 5 in Maces & Flails
  3069 | D:3      | Reached XP level 6. HP: 62/62 MP: 6/6
  3674 | D:3      | Found a runed translucent gate.
  3675 | D:3      | Found a runed translucent gate.
  3676 | D:3      | Found a runed translucent gate.
  3708 | D:3      | Noticed Icepheonix32's ghost (amateur DsTm)
  3813 | D:4      | Noticed Blork the orc
  3821 | D:3      | Killed Blork the orc
  3987 | D:4      | Reached XP level 7. HP: 47/70 MP: 7/7
  4184 | D:4      | Reached skill level 6 in Maces & Flails
  4859 | D:4      | Found a large runed translucent door.
  4860 | D:4      | Found a large runed translucent door.
  4941 | D:4      | Found a white marble altar of Elyvilon.
  4953 | D:4      | Noticed Edmund
  4968 | D:4      | Killed Edmund
  4969 | D:4      | Reached skill level 7 in Maces & Flails
  5241 | D:5      | Entered Level 5 of the Dungeon
  5241 | D:5      | Found an ancient bone altar of Kikubaaqudgha.
  5246 | D:5      | Found a runed translucent gate.
  5509 | D:5      | Found a hide-covered altar of Uskayaw.
  5509 | D:5      | Found an opulent altar of Gozag.
  5531 | D:5      | Reached XP level 8. HP: 78/78 MP: 8/8
  5803 | D:5      | Found a shimmering altar of Xom.
  5926 | D:5      | Found a runed translucent gate.
  5928 | D:5      | Found a runed translucent gate.
  5930 | D:5      | Noticed cdecastro's ghost (novice MfGl)
  5982 | D:5      | Reached skill level 8 in Maces & Flails
  6167 | D:6      | Reached **** piety under Trog
  6410 | D:6      | Found a stormy altar of Qazlal.
  6410 | D:6      | Noticed a yak
  6411 | D:6      | Noticed a yak
  6412 | D:6      | Noticed a yak
  6412 | D:6      | Noticed a yak
  6425 | D:6      | Killed a yak
  6425 | D:6      | Noticed a yak
  6426 | D:6      | Reached skill level 9 in Maces & Flails
  6427 | D:6      | Noticed a yak
  6429 | D:6      | Killed a yak
  6430 | D:6      | Reached skill level 1 in Evocations
  6432 | D:6      | Killed a yak
  6433 | D:6      | Reached skill level 5 in Fighting
  6433 | D:6      | Reached XP level 9. HP: 88/88 MP: 9/9
  6526 | D:6      | Found Ruajant's Self-Improvement Boutique.
  7211 | D:7      | Found a snail-covered altar of Cheibriados.
  7241 | D:7      | Reached skill level 10 in Maces & Flails
  7266 | D:7      | Found a staircase to the Ecumenical Temple.
  7620 | D:7      | Reached skill level 5 in Throwing
  7620 | D:7      | Reached XP level 10. HP: 104/104 MP: 10/10
  7638 | D:7      | Gained mutation: You sometimes lose the ability to read
                  | scrolls when taking damage. [potion of mutation]
  7638 | D:7      | Gained mutation: Your flesh is cold resistant. (rC+)
                  | [potion of mutation]
  7638 | D:7      | Gained mutation: You are frail. (-10% HP) [potion of
                  | mutation]
  7638 | D:7      | Gained mutation: You have a pair of small horns on your
                  | head. [potion of mutation]
  7639 | D:7      | HP: 3/93 [poisoned by a gnoll sergeant]
  7640 | D:7      | Lost mutation: You sometimes lose the ability to read
                  | scrolls when taking damage. [potion of mutation]
  7640 | D:7      | Lost mutation: You have a pair of small horns on your head.
                  | [potion of mutation]
  7640 | D:7      | Gained mutation: Your mind is acute. (Int +2) [potion of
                  | mutation]
  7640 | D:7      | Gained mutation: You are very frail. (-20% HP) [potion of
                  | mutation]
  7640 | D:7      | Gained mutation: Your spells are a little harder to cast,
                  | but a little more powerful. [potion of mutation]
  7640 | D:7      | Gained mutation: You are covered in fur. (AC +1) [potion of
                  | mutation]
  7642 | D:7      | HP: 1/83 [poisoned by a gnoll sergeant]
  7647 | D:7      | HP: 2/83 [poisoned by a gnoll sergeant]
  7651 | Temple   | Entered the Ecumenical Temple
  7975 | D:7      | Noticed a cyclops
  7977 | D:7      | HP: 3/83 [cyclops/large rock (34)]
  7979 | D:7      | Slain by a kobold brigand

Illustrated notes

Levels and vault maps discovered:
D:1:      dpeg_arrival_arbitrary_b, layout_loops_corners,
          dreamdust_ecumenical_altar_drowned_temple
D:2:      layout_basic, minivault_14
D:3:      layout_loops_cross, overflow_temple_1_default,
          gammafunk_ghost_necromancy, serial_bayou_pond_e
D:4:      layout_cave_pools, jmf_multi_god_temple2, elyvilon_altar_3,
          uniq_blork_the_orc, uniq_edmund
D:5:      layout_loops_ring, mainiacjoe_overflow_brackets,
          mainiacjoe_overflow_cross_hatched, jmf_multi_god_temple,
          gammafunk_ghost_necromancy
D:6:      layout_cave_pools, grunt_qazlal_clouds, ebering_dispersal_statue_hall,
          nicolae_shop_self_help
D:7:      lemuel_castle_with_subvaults [lemuel_castle_interior_carwin_1],
          layout_basic, lemuel_crystal_altar, minmay_temple_entry_wispy
Temple:   nicolae_temple_no_exploring_needed

Skill      XL: |  1  2  3  4  5  6  7  8  9 10 |
---------------+-------------------------------+-----
Maces & Flails | 3 4 5 7 9 10 | 10.3
Throwing       | 1 3 4 5 |  5.4
Evocations     | 1 3 4 |  4.2
Fighting       | 5 7 8 |  8.1
Dodging        | |  2.6

Action                   |  1- 3 |  4- 6 |  7- 9 | 10-12 || total
-------------------------+-------+-------+-------+-------++-------
Melee: Mace              |   110 |   153 |    83 |       ||   346
       Dire flail        |       |       |   217 |    26 ||   243
Throw: Stone             |       |     8 |       |     2 ||    10
       Dart              |       |     2 |    11 |    29 ||    42
Invok: Berserk           |     2 |     5 |    10 |       ||    17
       Trog's Hand       |       |       |     1 |       ||     1
Evoke: Wand              |       |       |     4 |     4 ||     8
  Use: Potion            |       |       |     3 |     4 ||     7
       Scroll            |       |       |       |     2 ||     2
 Stab: Sleeping          |       |     1 |       |       ||     1
Armor: Animal skin       |    52 |    22 |    56 |    12 ||   142
Dodge: Dodged            |    82 |   106 |   165 |    22 ||   375
